Canadiens vs Jets

Created - March 21, 2015 at 10:16

Goals
1 2 3 OT1 T
Canadiens 1 0 2 1 4
Jets 0 2 1 0 3
Shots
1 2 3 OT1 T
Canadiens 12 7 19 1 39
Jets 14 22 5 0 41

1st period

1. Canadiens , Cam Fowler 3 (Jonathan Toews, Dan Girardi) at 10:19

Penalties :
Tomas Plekanec (WPG) for Cross-checking (Minor) at 2:28, Brenden Morrow (MTL) for Diving (Minor) at 6:54, Brett Bellemore (WPG) for Hooking (Minor) at 13:40, Tobias Enstrom (WPG) for Slashing (Minor) at 17:13

2nd period

2. Jets , Kyle Okposo 45 (Nick Bonino) at 0:44
3. Jets , Jamie Benn 41 (Nick Bonino, Christian Ehrhoff) at 10:50

Penalties :
Brett Bellemore (WPG) for Fighting (Major) at 1:06, Alexander Steen (MTL) for Fighting (Major) at 1:06, Dan Girardi (MTL) for Tripping (Minor) at 3:23, Anders Lee (WPG) for Holding Stick (Minor) at 7:01, Blake Comeau (MTL) for Roughing (Minor) at 13:34, Blake Comeau (MTL) for Tripping (Minor) at 17:09

3rd period

4. Canadiens , Dylan Olsen 4 (Jonathan Toews, Blake Comeau) at 6:35
5. Canadiens , Cam Fowler 4 (Radim Vrbata, Jonathan Toews) at 9:47 (PP)
6. Jets , Nicklas Grossmann 3 (Kyle Okposo, Jamie Benn) at 9:57

Penalties :
Kimmo Timonen (WPG) for Hooking (Minor) at 0:12, Radko Gudas (WPG) for Hooking (Minor) at 3:59, Brett Bellemore (WPG) for Tripping (Minor) at 9:21, Kimmo Timonen (WPG) for Charging (Minor) at 15:25, Dan Girardi (MTL) for Hooking (Minor) at 18:58

Overtime #1

7. Canadiens , Jonathan Toews 20 (Radim Vrbata) at 1:16

Penalties :
No Penalty

Goalie Stats

Jonathan Bernier (MTL), 38 saves from 41 shots - (0.927), W, 22-24-4, 61:17 minutes
Cory Schneider (WPG), 35 saves from 39 shots - (0.897), OTL, 36-14-3, 61:17 minutes

Players Stats for Canadiens

Player Name              G  A  P  +/- PIM S  H  SB GA TA FO     MP     PP MP  PK MP  
------------------------------------------------------------------------------------
Alexander Steen          0  0  0  -2  5   4  0  2  0  0  1/1    22:18   6:26   2:30 
Blake Comeau             0  1  1   2  4   1  2  0  0  0  1/2    10:50   0:00   0:38 
Brandon Pirri            0  0  0  -1  0   2  0  0  0  0  3/12    8:46   0:00   0:00 
Brenden Morrow           0  0  0  -1  2   1  2  0  0  0  0/1     9:24   0:00   0:00 
Cam Fowler               2  0  2   0  0   2  0  3  0  0  0/0    27:02   6:35   6:36 
Dan Girardi              0  1  1   1  4   6  3  1  0  0  0/0    24:47   6:53   3:46 
Dylan Olsen              1  0  1   0  0   3  2  1  0  0  0/0    16:35   0:51   2:35 
Jason Demers             0  0  0   0  0   4  0  0  0  0  0/0    16:56   6:53   0:00 
Jason Garrison           0  0  0  -1  0   2  0  2  0  0  0/0    23:35   7:26   3:19 
Jonathan Toews           1  3  4   3  0   4  0  0  0  0  16/28  28:34   7:53   6:47 
Jordan Eberle            0  0  0  -2  0   3  0  0  0  0  0/3    21:25   6:26   0:00 
Manny Malhotra           0  0  0   0  0   0  0  1  0  0  1/1     3:06   0:00   0:00 
Martin Erat              0  0  0  -1  0   0  0  0  0  0  0/0     8:46   0:00   0:00 
Mike Weber               0  0  0   0  0   0  1  2  0  0  0/0    13:37   0:00   3:34 
Paul Stastny             0  0  0  -2  0   6  3  0  0  0  15/35  23:35   6:26   2:10 
Radim Vrbata             0  2  2   3  0   0  1  0  0  0  1/1    18:05   7:53   0:00 
Saku Koivu               0  0  0   0  0   1  1  0  0  0  15/23  17:46   7:53   6:47 
Steve Oleksy             0  0  0   0  0   0  0  0  0  0  0/0     0:00   0:00   0:00 

Players Stats for Jets

Player Name              G  A  P  +/- PIM S  H  SB GA TA FO     MP     PP MP  PK MP  
------------------------------------------------------------------------------------
Anders Lee               0  0  0  -1  2   1  3  0  0  0  1/4    20:50   4:23   1:11 
Boyd Gordon              0  0  0   0  0   3  0  0  0  0  5/8     6:15   0:00   4:10 
Brett Bellemore          0  0  0   1  9   0  3  1  0  0  0/0    20:23   0:00   5:44 
Christian Ehrhoff        0  1  1   1  0   2  0  1  0  0  0/0    22:55   6:21   4:13 
Colin Wilson             0  0  0   0  0   3  1  0  0  0  0/0     8:15   0:00   2:53 
Corey Perry              0  0  0  -1  0   4  1  0  0  0  0/1    20:31   4:23   0:00 
Jamie Benn               1  1  2   1  0   2  2  0  0  0  0/0    19:00   4:34   0:00 
Joe Pavelski             0  0  0  -1  0   6  2  0  0  0  16/31  20:48   4:23   0:17 
Josh Bailey              0  0  0   0  0   2  2  0  0  0  1/1     7:27   0:00   0:00 
Kimmo Timonen            0  0  0  -2  4   3  3  4  0  0  0/0    26:11   6:21   4:39 
Kyle Okposo              1  1  2   1  0   4  1  0  0  0  2/3    19:00   4:34   0:00 
Lauri Korpikoski         0  0  0   0  0   1  1  0  0  0  0/3    12:45   0:00  10:40 
Nate Schmidt             0  0  0   0  0   0  0  1  0  0  0/0     4:08   0:00   0:00 
Nick Bonino              0  2  2   2  0   4  0  0  0  0  20/31  18:34   4:34   0:00 
Nicklas Grossmann        1  0  1   1  0   1  0  0  0  0  0/0     8:53   0:00   2:04 
Radko Gudas              0  0  0   1  2   1  4  2  0  0  0/0    16:28   2:36   6:17 
Tobias Enstrom           0  0  0  -2  2   4  0  4  0  0  0/0    23:29   2:36   5:41 
Tomas Plekanec           0  0  0   0  2   0  1  1  0  0  9/25   14:48   0:00   9:27 

3 Stars

1 - Jonathan Toews (MTL)
2 - Cam Fowler (MTL)
3 - Jamie Benn (WPG)

Power Play

Canadiens - 1 on 8 Attempt(s) - 12.50%
Jets - 0 on 5 Attempt(s) - 0.00%

Penalty Kill

Canadiens - 5 on 5 Attempt(s) - 100.00% - Score 0 goal in Penalty Kill
Jets - 7 on 8 Attempt(s) - 87.50% - Score 0 goal in Penalty Kill

Team Stat

Canadiens - Hits : 15 - Faceoff Wins : 53 - Blocked Shots : 12 - Penalty Minutes : 15
Jets - Hits : 24 - Faceoff Wins : 54 - Blocked Shots : 14 - Penalty Minutes : 21

Official

Referees : Mark Lemelin and TJ Luxmore
Linesman : Jean Morin and Andy McElman

Game Notes

Alexander Steen beats up Brett Bellemore at 1:06 of 2nd period

Finance

Level 1 -- Attendance: 6000 (100.00%) -- Ticket Income $588,000
Level 2 -- Attendance: 5000 (100.00%) -- Ticket Income $385,000
Level 3 -- Attendance: 2120 (96.36%) -- Ticket Income $152,640
Level 4 -- Attendance: 1015 (100.00%) -- Ticket Income $66,990
Luxury Box -- Attendance: 718 (89.75%) -- Ticket Income $165,140
Game was played at the MTS Center'
Total Attendance: 14853 (98.92%)
Total Ticket Income: $1,357,770
Other Income: $203,666
Total Income: $1,561,436

% Time on Ice - Canadiens

Lines # - Real PCT - Wanted PCT - Time Play
Normal Forward
1 - 41% - 35% - 14:59
2 - 27% - 30% - 9:53
3 - 24% - 18% - 8:46
4 - 8% - 17% - 3:06
Normal Defense
1 - 35% - 32% - 12:50
2 - 27% - 23% - 10:03
3 - 19% - 23% - 7:09
4 - 18% - 22% - 6:42
PP Forward
1 - 45% - 50% - 6:26
2 - 55% - 50% - 7:53
PP Defense
1 - 52% - 50% - 7:26
2 - 48% - 50% - 6:53
PK Forward
1 - 76% - 60% - 6:47
2 - 24% - 40% - 2:10
PK Defense
1 - 63% - 60% - 5:38
2 - 37% - 40% - 3:19
PK3 Forward
1 - 100% - 60% - 0:58
2 - 0% - 40% - 0:00
PK3 Defense
1 - 100% - 60% - 0:58
2 - 0% - 40% - 0:00
44 Forward
1 - 0% - 50% - 0:00
2 - 100% - 50% - 0:19
44 Defense
1 - 100% - 50% - 0:19
2 - 0% - 50% - 0:00
Last Minute Offensive  - 0:00
Last Minute Defensive  - 0:00
Total
Forward - 61:17
Defense - 61:17

% Time on Ice - Jets

Lines # - Real PCT - Wanted PCT - Time Play
Normal Forward
1 - 42% - 40% - 15:17
2 - 38% - 36% - 14:00
3 - 15% - 15% - 5:22
4 - 6% - 9% - 2:05
Normal Defense
1 - 39% - 40% - 14:22
2 - 32% - 34% - 11:55
3 - 18% - 16% - 6:38
4 - 10% - 10% - 3:49
PP Forward
1 - 49% - 60% - 4:23
2 - 51% - 40% - 4:34
PP Defense
1 - 71% - 70% - 6:21
2 - 29% - 30% - 2:36
PK Forward
1 - 100% - 75% - 14:19
2 - 0% - 25% - 0:00
PK Defense
1 - 52% - 60% - 7:27
2 - 48% - 40% - 6:52
PK3 Forward
1 - 0% - 70%
2 - 0% - 30%
PK3 Defense
1 - 0% - 60%
2 - 0% - 40%
44 Forward
1 - 66% - 60% - 0:51
2 - 34% - 40% - 0:26
44 Defense
1 - 66% - 51% - 0:51
2 - 34% - 49% - 0:26
Last Minute Offensive  - 0:00
Last Minute Defensive  - 0:00
Total
Forward - 61:17
Defense - 61:17

Play by Play

1st period


0:01 of 1st period - Joe Pavelski wins face-off versus Paul Stastny in neutral zone.
0:04 of 1st period - Dylan Olsen is hit by Anders Lee and loses puck.
0:14 of 1st period - Alexander Steen is hit by Kimmo Timonen and loses puck.
0:31 of 1st period - Shot by Paul Stastny.
0:31 of 1st period - Shot Misses the Net.
0:33 of 1st period - Shot by Alexander Steen.
0:33 of 1st period - Shot Misses the Net.
0:35 of 1st period - Shot by Alexander Steen.
0:35 of 1st period - Stopped by Cory Schneider with a rebound.
0:37 of 1st period - Shot by Paul Stastny.
0:37 of 1st period - Shot Misses the Net.
1:22 of 1st period - Shot by Jonathan Toews.
1:22 of 1st period - Shot Misses the Net.
1:24 of 1st period - Shot by Jason Demers.
1:24 of 1st period - Shot Misses the Net.
1:26 of 1st period - Shot by Jason Demers.
1:26 of 1st period - Stopped by Cory Schneider with a rebound.
1:28 of 1st period - Shot by Blake Comeau.
1:28 of 1st period - Stopped by Cory Schneider without a rebound.
1:29 of 1st period - Brandon Pirri wins face-off versus Nick Bonino in Jets zone.
1:50 of 1st period - Jamie Benn is hit by Brenden Morrow and loses puck.
2:04 of 1st period - Shot by Martin Erat.
2:04 of 1st period - Shot Misses the Net.
2:24 of 1st period - Dan Girardi is hit by Colin Wilson and loses puck.
2:28 of 1st period - Minor Penalty to Tomas Plekanec for Cross-checking.
2:29 of 1st period - Boyd Gordon wins face-off versus Paul Stastny in Jets zone.
2:29 of 1st period - Boyd Gordon is hit by Paul Stastny.
3:07 of 1st period - Shot by Jason Garrison.
3:07 of 1st period - Shot Misses the Net.
3:59 of 1st period - Shot by Dan Girardi.
3:59 of 1st period - Shot Misses the Net.
4:06 of 1st period - Icing by Dan Girardi.
4:07 of 1st period - Boyd Gordon wins face-off versus Jonathan Toews in Canadiens zone.
4:34 of 1st period - Shot by Nick Bonino.
4:34 of 1st period - Stopped by Jonathan Bernier with a rebound.
4:46 of 1st period - Shot by Brandon Pirri.
4:46 of 1st period - Stopped by Cory Schneider without a rebound.
4:47 of 1st period - Joe Pavelski wins face-off versus Paul Stastny in Jets zone.
4:54 of 1st period - Shot by Joe Pavelski.
4:54 of 1st period - Shot Misses the Net.
4:56 of 1st period - Shot by Joe Pavelski.
4:56 of 1st period - Shot Blocked by Mike Weber.
4:58 of 1st period - Shot by Joe Pavelski.
4:58 of 1st period - Stopped by Jonathan Bernier without a rebound.
4:59 of 1st period - Kyle Okposo wins face-off versus Paul Stastny in Canadiens zone.
5:23 of 1st period - Kyle Okposo is hit by Dylan Olsen and loses puck.
5:36 of 1st period - Paul Stastny is hit by Jamie Benn and loses puck.
6:06 of 1st period - Radim Vrbata is hit by Brett Bellemore and loses puck.
6:13 of 1st period - Shot by Jonathan Toews.
6:13 of 1st period - Stopped by Cory Schneider without a rebound.
6:14 of 1st period - Manny Malhotra wins face-off versus Anders Lee in Jets zone.
6:31 of 1st period - Icing by Jason Demers.
6:32 of 1st period - Boyd Gordon wins face-off versus Saku Koivu in Canadiens zone.
6:39 of 1st period - Shot by Lauri Korpikoski.
6:39 of 1st period - Shot Blocked by Manny Malhotra.
6:41 of 1st period - Shot by Boyd Gordon.
6:41 of 1st period - Stopped by Jonathan Bernier without a rebound.
6:42 of 1st period - Joe Pavelski wins face-off versus Brenden Morrow in Canadiens zone.
6:54 of 1st period - Minor Penalty to Brenden Morrow for Diving.
6:55 of 1st period - Saku Koivu wins face-off versus Nick Bonino in Canadiens zone.
7:07 of 1st period - Icing by Jamie Benn.
7:08 of 1st period - Nick Bonino wins face-off versus Saku Koivu in Jets zone.
7:24 of 1st period - Shot by Kimmo Timonen.
7:24 of 1st period - Stopped by Jonathan Bernier without a rebound.
7:25 of 1st period - Saku Koivu wins face-off versus Joe Pavelski in Canadiens zone.
7:25 of 1st period - Saku Koivu is hit by Anders Lee.
7:39 of 1st period - Shot by Tobias Enstrom.
7:39 of 1st period - Stopped by Jonathan Bernier without a rebound.
7:40 of 1st period - Saku Koivu wins face-off versus Nick Bonino in Canadiens zone.
8:53 of 1st period - Shot by Joe Pavelski.
8:53 of 1st period - Stopped by Jonathan Bernier without a rebound.
8:54 of 1st period - Brandon Pirri wins face-off versus Tomas Plekanec in Canadiens zone.
9:03 of 1st period - Shot by Martin Erat.
9:03 of 1st period - Shot Misses the Net.
9:06 of 1st period - Icing by Nate Schmidt.
9:07 of 1st period - Paul Stastny wins face-off versus Tomas Plekanec in Jets zone.
9:40 of 1st period - Shot by Paul Stastny.
9:40 of 1st period - Stopped by Cory Schneider without a rebound.
9:41 of 1st period - Jonathan Toews wins face-off versus Joe Pavelski in Jets zone.
9:57 of 1st period - Cam Fowler is hit by Kimmo Timonen.
10:17 of 1st period - Shot by Jonathan Toews.
10:17 of 1st period - Shot Misses the Net.
10:19 of 1st period - Shot by Cam Fowler.
10:19 of 1st period - Goal by Cam Fowler - Canadiens : 1 - Jets : 0.
10:20 of 1st period - Nick Bonino wins face-off versus Paul Stastny in neutral zone.
11:04 of 1st period - Shot by Paul Stastny.
11:04 of 1st period - Stopped by Cory Schneider with a rebound.
11:33 of 1st period - Shot by Boyd Gordon.
11:33 of 1st period - Stopped by Jonathan Bernier without a rebound.
11:34 of 1st period - Jonathan Toews wins face-off versus Joe Pavelski in Canadiens zone.
12:05 of 1st period - Shot by Radko Gudas.
12:05 of 1st period - Stopped by Jonathan Bernier without a rebound.
12:06 of 1st period - Boyd Gordon wins face-off versus Jordan Eberle in Canadiens zone.
12:13 of 1st period - Shot by Josh Bailey.
12:13 of 1st period - Stopped by Jonathan Bernier without a rebound.
12:14 of 1st period - Paul Stastny wins face-off versus Boyd Gordon in Canadiens zone.
12:33 of 1st period - Shot by Boyd Gordon.
12:33 of 1st period - Stopped by Jonathan Bernier with a rebound.
12:35 of 1st period - Shot by Kimmo Timonen.
12:35 of 1st period - Stopped by Jonathan Bernier without a rebound.
12:36 of 1st period - Joe Pavelski wins face-off versus Blake Comeau in Canadiens zone.
12:55 of 1st period - Shot by Joe Pavelski.
12:55 of 1st period - Stopped by Jonathan Bernier with a rebound.
12:57 of 1st period - Shot by Christian Ehrhoff.
12:57 of 1st period - Stopped by Jonathan Bernier without a rebound.
12:58 of 1st period - Nick Bonino wins face-off versus Paul Stastny in Canadiens zone.
13:09 of 1st period - Shot by Jordan Eberle.
13:09 of 1st period - Stopped by Cory Schneider without a rebound.
13:10 of 1st period - Joe Pavelski wins face-off versus Saku Koivu in Jets zone.
13:28 of 1st period - Cam Fowler is hit by Brett Bellemore and loses puck.
13:40 of 1st period - Minor Penalty to Brett Bellemore for Hooking.
13:41 of 1st period - Tomas Plekanec wins face-off versus Paul Stastny in Jets zone.
13:49 of 1st period - Alexander Steen is hit by Lauri Korpikoski and loses puck.
14:25 of 1st period - Icing by Cam Fowler.
14:26 of 1st period - Paul Stastny wins face-off versus Tomas Plekanec in Canadiens zone.
14:45 of 1st period - Radko Gudas is hit by Paul Stastny and loses puck.
15:02 of 1st period - Shot by Jason Demers.
15:02 of 1st period - Shot Misses the Net.
15:22 of 1st period - Shot by Jonathan Toews.
15:22 of 1st period - Shot Misses the Net.
15:24 of 1st period - Shot by Dan Girardi.
15:24 of 1st period - Stopped by Cory Schneider without a rebound.
15:25 of 1st period - Jonathan Toews wins face-off versus Boyd Gordon in Jets zone.
16:00 of 1st period - Shot by Jamie Benn.
16:00 of 1st period - Shot Misses the Net.
16:02 of 1st period - Shot by Brett Bellemore.
16:02 of 1st period - Shot Blocked by Jason Garrison.
16:04 of 1st period - Shot by Nick Bonino.
16:04 of 1st period - Stopped by Jonathan Bernier without a rebound.
16:05 of 1st period - Joe Pavelski wins face-off versus Paul Stastny in Canadiens zone.
16:06 of 1st period - Shot by Corey Perry.
16:06 of 1st period - Shot Misses the Net.
16:18 of 1st period - Icing by Jason Demers.
16:19 of 1st period - Nick Bonino wins face-off versus Paul Stastny in Canadiens zone.
16:52 of 1st period - Shot by Jordan Eberle.
16:52 of 1st period - Shot Misses the Net.
17:13 of 1st period - Minor Penalty to Tobias Enstrom for Slashing.
17:14 of 1st period - Tomas Plekanec wins face-off versus Jonathan Toews in Jets zone.
17:14 of 1st period - Tomas Plekanec is hit by Radim Vrbata.
17:43 of 1st period - Icing by Cam Fowler.
17:44 of 1st period - Jonathan Toews wins face-off versus Tomas Plekanec in Canadiens zone.
18:43 of 1st period - Shot by Paul Stastny.
18:43 of 1st period - Stopped by Cory Schneider without a rebound.
18:44 of 1st period - Paul Stastny wins face-off versus Lauri Korpikoski in Jets zone.
18:50 of 1st period - Shot by Dan Girardi.
18:50 of 1st period - Shot Misses the Net.
18:52 of 1st period - Shot by Jason Demers.
18:52 of 1st period - Shot Blocked by Kimmo Timonen.
18:58 of 1st period - Shot by Jason Demers.
18:58 of 1st period - Shot Misses the Net.
19:00 of 1st period - Shot by Alexander Steen.
19:00 of 1st period - Shot Misses the Net.
19:10 of 1st period - Shot by Paul Stastny.
19:10 of 1st period - Stopped by Cory Schneider without a rebound.
19:11 of 1st period - Tomas Plekanec wins face-off versus Jordan Eberle in Jets zone.
19:23 of 1st period - Icing by Nicklas Grossmann.
19:24 of 1st period - Nick Bonino wins face-off versus Brandon Pirri in Jets zone.
19:58 of 1st period - Jamie Benn is hit by Dan Girardi and loses puck.
Goals for this period are 1 for Canadiens vs 0 for Jets.
Shots for this period are 12 for Canadiens vs 14 for Jets.

2nd period


0:01 of 2nd period - Jonathan Toews wins face-off versus Corey Perry in neutral zone.
0:17 of 2nd period - Tobias Enstrom is hit by Dan Girardi and loses puck.
0:20 of 2nd period - Shot by Corey Perry.
0:20 of 2nd period - Shot Misses the Net.
0:22 of 2nd period - Shot by Tobias Enstrom.
0:22 of 2nd period - Stopped by Jonathan Bernier without a rebound.
0:23 of 2nd period - Nick Bonino wins face-off versus Paul Stastny in Canadiens zone.
0:44 of 2nd period - Shot by Kyle Okposo.
0:44 of 2nd period - Goal by Kyle Okposo - Canadiens : 1 - Jets : 1.
0:45 of 2nd period - Joe Pavelski wins face-off versus Jonathan Toews in neutral zone.
1:00 of 2nd period - Off-side.
1:01 of 2nd period - Nick Bonino wins face-off versus Jordan Eberle in neutral zone.
1:06 of 2nd period - Alexander Steen beats up Brett Bellemore.
1:06 of 2nd period - Penalty to Brett Bellemore for Fighting.
1:06 of 2nd period - Penalty to Alexander Steen for Fighting.
1:07 of 2nd period - Jonathan Toews wins face-off versus Joe Pavelski in Canadiens zone.
2:15 of 2nd period - Shot by Jordan Eberle.
2:15 of 2nd period - Shot Misses the Net.
2:23 of 2nd period - Jason Garrison is hit by Radko Gudas and loses puck.
2:34 of 2nd period - Shot by Kyle Okposo.
2:34 of 2nd period - Shot Misses the Net.
2:36 of 2nd period - Shot by Jamie Benn.
2:36 of 2nd period - Stopped by Jonathan Bernier without a rebound.
2:37 of 2nd period - Saku Koivu wins face-off versus Tomas Plekanec in Canadiens zone.
2:37 of 2nd period - Jason Demers is hit by Tomas Plekanec and loses puck.
3:12 of 2nd period - Shot by Jonathan Toews.
3:12 of 2nd period - Stopped by Cory Schneider without a rebound.
3:13 of 2nd period - Paul Stastny wins face-off versus Nick Bonino in Jets zone.
3:23 of 2nd period - Minor Penalty to Dan Girardi for Tripping.
3:24 of 2nd period - Saku Koivu wins face-off versus Anders Lee in Canadiens zone.
3:33 of 2nd period - Shot by Kimmo Timonen.
3:33 of 2nd period - Deflect By Corey Perry.
3:33 of 2nd period - Stopped by Jonathan Bernier without a rebound.
3:34 of 2nd period - Saku Koivu wins face-off versus Anders Lee in Canadiens zone.
3:40 of 2nd period - Icing by Christian Ehrhoff.
3:41 of 2nd period - Saku Koivu wins face-off versus Joe Pavelski in Jets zone.
4:01 of 2nd period - Shot by Corey Perry.
4:01 of 2nd period - Shot Blocked by Cam Fowler.
4:03 of 2nd period - Shot by Joe Pavelski.
4:03 of 2nd period - Stopped by Jonathan Bernier without a rebound.
4:04 of 2nd period - Paul Stastny wins face-off versus Nick Bonino in Canadiens zone.
4:10 of 2nd period - Icing by Kyle Okposo.
4:11 of 2nd period - Nick Bonino wins face-off versus Saku Koivu in Jets zone.
4:31 of 2nd period - Radko Gudas is hit by Mike Weber and loses puck.
4:38 of 2nd period - Shot by Kyle Okposo.
4:38 of 2nd period - Shot Misses the Net.
4:42 of 2nd period - Shot by Jamie Benn.
4:42 of 2nd period - Shot Misses the Net.
4:59 of 2nd period - Off-side.
5:00 of 2nd period - Saku Koivu wins face-off versus Joe Pavelski in neutral zone.
5:22 of 2nd period - Shot by Corey Perry.
5:22 of 2nd period - Stopped by Jonathan Bernier without a rebound.
5:23 of 2nd period - Blake Comeau wins face-off versus Tomas Plekanec in Canadiens zone.
5:23 of 2nd period - Paul Stastny is hit by Radko Gudas and loses puck.
5:32 of 2nd period - Shot by Colin Wilson.
5:32 of 2nd period - Stopped by Jonathan Bernier without a rebound.
5:33 of 2nd period - Joe Pavelski wins face-off versus Paul Stastny in Canadiens zone.
5:38 of 2nd period - Shot by Corey Perry.
5:38 of 2nd period - Shot Misses the Net.
6:08 of 2nd period - Shot by Joe Pavelski.
6:08 of 2nd period - Stopped by Jonathan Bernier without a rebound.
6:09 of 2nd period - Nick Bonino wins face-off versus Brandon Pirri in Canadiens zone.
6:20 of 2nd period - Shot by Dylan Olsen.
6:20 of 2nd period - Stopped by Cory Schneider without a rebound.
6:21 of 2nd period - Brandon Pirri wins face-off versus Tomas Plekanec in Jets zone.
6:24 of 2nd period - Shot by Brenden Morrow.
6:24 of 2nd period - Stopped by Cory Schneider without a rebound.
6:25 of 2nd period - Nick Bonino wins face-off versus Paul Stastny in Jets zone.
6:39 of 2nd period - Shot by Jamie Benn.
6:39 of 2nd period - Shot Blocked by Jason Garrison.
6:43 of 2nd period - Shot by Kyle Okposo.
6:43 of 2nd period - Shot Blocked by Dylan Olsen.
6:57 of 2nd period - Shot by Nick Bonino.
6:57 of 2nd period - Stopped by Jonathan Bernier without a rebound.
6:58 of 2nd period - Jonathan Toews wins face-off versus Joe Pavelski in Canadiens zone.
6:58 of 2nd period - Jonathan Toews is hit by Anders Lee.
7:01 of 2nd period - Minor Penalty to Anders Lee for Holding Stick.
7:02 of 2nd period - Jonathan Toews wins face-off versus Tomas Plekanec in Jets zone.
7:09 of 2nd period - Shot by Radim Vrbata.
7:09 of 2nd period - Shot Misses the Net.
7:19 of 2nd period - Shot by Lauri Korpikoski.
7:19 of 2nd period - Stopped by Jonathan Bernier without a rebound.
7:20 of 2nd period - Paul Stastny wins face-off versus Tomas Plekanec in Canadiens zone.
7:29 of 2nd period - Shot by Cam Fowler.
7:29 of 2nd period - Shot Misses the Net.
7:31 of 2nd period - Shot by Jordan Eberle.
7:31 of 2nd period - Shot Misses the Net.
7:33 of 2nd period - Shot by Cam Fowler.
7:33 of 2nd period - Shot Misses the Net.
7:35 of 2nd period - Shot by Alexander Steen.
7:35 of 2nd period - Stopped by Cory Schneider without a rebound.
7:36 of 2nd period - Jonathan Toews wins face-off versus Tomas Plekanec in Jets zone.
8:05 of 2nd period - Shot by Jason Demers.
8:05 of 2nd period - Shot Blocked by Tobias Enstrom.
8:07 of 2nd period - Shot by Dan Girardi.
8:07 of 2nd period - Shot Misses the Net.
8:09 of 2nd period - Shot by Jason Demers.
8:09 of 2nd period - Shot Blocked by Tobias Enstrom.
9:00 of 2nd period - Shot by Cam Fowler.
9:00 of 2nd period - Shot Misses the Net.
9:02 of 2nd period - Shot by Martin Erat.
9:02 of 2nd period - Deflect By Brandon Pirri.
9:02 of 2nd period - Shot Misses the Net.
9:04 of 2nd period - Shot by Jason Garrison.
9:04 of 2nd period - Stopped by Cory Schneider without a rebound.
9:05 of 2nd period - Anders Lee wins face-off versus Brandon Pirri in Jets zone.
9:12 of 2nd period - Shot by Corey Perry.
9:12 of 2nd period - Shot Misses the Net.
9:29 of 2nd period - Shot by Brandon Pirri.
9:29 of 2nd period - Shot Misses the Net.
9:31 of 2nd period - Shot by Brandon Pirri.
9:31 of 2nd period - Shot Misses the Net.
10:25 of 2nd period - Shot by Paul Stastny.
10:25 of 2nd period - Shot Misses the Net.
10:38 of 2nd period - Icing by Paul Stastny.
10:39 of 2nd period - Nick Bonino wins face-off versus Paul Stastny in Canadiens zone.
10:50 of 2nd period - Shot by Jamie Benn.
10:50 of 2nd period - Goal by Jamie Benn - Canadiens : 1 - Jets : 2.
10:51 of 2nd period - Jonathan Toews wins face-off versus Tomas Plekanec in neutral zone.
11:10 of 2nd period - Shot by Radim Vrbata.
11:10 of 2nd period - Shot Blocked by Radko Gudas.
11:20 of 2nd period - Shot by Colin Wilson.
11:20 of 2nd period - Stopped by Jonathan Bernier with a rebound.
11:50 of 2nd period - Shot by Kyle Okposo.
11:50 of 2nd period - Deflect By Nick Bonino.
11:50 of 2nd period - Shot Misses the Net.
11:52 of 2nd period - Shot by Christian Ehrhoff.
11:52 of 2nd period - Stopped by Jonathan Bernier without a rebound.
11:53 of 2nd period - Nick Bonino wins face-off versus Brandon Pirri in Canadiens zone.
12:26 of 2nd period - Shot by Kyle Okposo.
12:26 of 2nd period - Stopped by Jonathan Bernier without a rebound.
12:27 of 2nd period - Joe Pavelski wins face-off versus Paul Stastny in Canadiens zone.
12:36 of 2nd period - Shot by Joe Pavelski.
12:36 of 2nd period - Deflect By Corey Perry.
12:36 of 2nd period - Stopped by Jonathan Bernier with a rebound.
12:40 of 2nd period - Shot by Corey Perry.
12:40 of 2nd period - Shot Misses the Net.
12:42 of 2nd period - Shot by Joe Pavelski.
12:42 of 2nd period - Shot Misses the Net.
12:44 of 2nd period - Shot by Tobias Enstrom.
12:44 of 2nd period - Stopped by Jonathan Bernier with a rebound.
12:52 of 2nd period - Shot by Corey Perry.
12:52 of 2nd period - Deflect By Joe Pavelski.
12:52 of 2nd period - Shot Misses the Net.
12:54 of 2nd period - Shot by Anders Lee.
12:54 of 2nd period - Stopped by Jonathan Bernier without a rebound.
12:55 of 2nd period - Saku Koivu wins face-off versus Boyd Gordon in Canadiens zone.
13:13 of 2nd period - Shot by Josh Bailey.
13:13 of 2nd period - Stopped by Jonathan Bernier without a rebound.
13:14 of 2nd period - Nick Bonino wins face-off versus Paul Stastny in Canadiens zone.
13:24 of 2nd period - Kyle Okposo is hit by Dan Girardi and loses puck.
13:32 of 2nd period - Off-side.
13:33 of 2nd period - Joe Pavelski wins face-off versus Jonathan Toews in neutral zone.
13:33 of 2nd period - Corey Perry is hit by Blake Comeau and loses puck.
13:34 of 2nd period - Minor Penalty to Blake Comeau for Roughing.
13:35 of 2nd period - Joe Pavelski wins face-off versus Saku Koivu in Canadiens zone.
13:42 of 2nd period - Shot by Corey Perry.
13:42 of 2nd period - Shot Misses the Net.
13:44 of 2nd period - Shot by Joe Pavelski.
13:44 of 2nd period - Shot Blocked by Dan Girardi.
13:46 of 2nd period - Shot by Kimmo Timonen.
13:46 of 2nd period - Shot Misses the Net.
14:02 of 2nd period - Shot by Corey Perry.
14:02 of 2nd period - Stopped by Jonathan Bernier without a rebound.
14:03 of 2nd period - Saku Koivu wins face-off versus Nick Bonino in Canadiens zone.
14:12 of 2nd period - Shot by Tobias Enstrom.
14:12 of 2nd period - Stopped by Jonathan Bernier without a rebound.
14:13 of 2nd period - Saku Koivu wins face-off versus Nick Bonino in Canadiens zone.
14:26 of 2nd period - Shot by Kyle Okposo.
14:26 of 2nd period - Shot Misses the Net.
14:28 of 2nd period - Shot by Kyle Okposo.
14:28 of 2nd period - Stopped by Jonathan Bernier without a rebound.
14:29 of 2nd period - Joe Pavelski wins face-off versus Saku Koivu in Canadiens zone.
14:40 of 2nd period - Shot by Joe Pavelski.
14:40 of 2nd period - Deflect By Anders Lee.
14:40 of 2nd period - Shot Blocked by Cam Fowler.
15:41 of 2nd period - Jason Garrison is hit by Josh Bailey and loses puck.
15:52 of 2nd period - Shot by Martin Erat.
15:52 of 2nd period - Shot Blocked by Nate Schmidt.
15:54 of 2nd period - Shot by Brenden Morrow.
15:54 of 2nd period - Deflect By Brandon Pirri.
15:54 of 2nd period - Stopped by Cory Schneider without a rebound.
15:55 of 2nd period - Paul Stastny wins face-off versus Nick Bonino in Jets zone.
16:18 of 2nd period - Shot by Alexander Steen.
16:18 of 2nd period - Stopped by Cory Schneider with a rebound.
16:32 of 2nd period - Shot by Jamie Benn.
16:32 of 2nd period - Shot Blocked by Alexander Steen.
16:57 of 2nd period - Icing by Brett Bellemore.
16:58 of 2nd period - Tomas Plekanec wins face-off versus Jonathan Toews in Jets zone.
17:09 of 2nd period - Minor Penalty to Blake Comeau for Tripping.
17:10 of 2nd period - Saku Koivu wins face-off versus Joe Pavelski in Canadiens zone.
17:19 of 2nd period - Shot by Corey Perry.
17:19 of 2nd period - Shot Blocked by Cam Fowler.
17:48 of 2nd period - Shot by Christian Ehrhoff.
17:48 of 2nd period - Shot Misses the Net.
17:50 of 2nd period - Shot by Kimmo Timonen.
17:50 of 2nd period - Stopped by Jonathan Bernier without a rebound.
17:51 of 2nd period - Nick Bonino wins face-off versus Paul Stastny in Canadiens zone.
17:58 of 2nd period - Shot by Radko Gudas.
17:58 of 2nd period - Shot Misses the Net.
18:27 of 2nd period - Shot by Tobias Enstrom.
18:27 of 2nd period - Shot Blocked by Mike Weber.
19:05 of 2nd period - Shot by Kimmo Timonen.
19:05 of 2nd period - Shot Misses the Net.
19:07 of 2nd period - Shot by Christian Ehrhoff.
19:07 of 2nd period - Shot Misses the Net.
19:15 of 2nd period - Shot by Josh Bailey.
19:15 of 2nd period - Shot Misses the Net.
19:44 of 2nd period - Shot by Jason Garrison.
19:44 of 2nd period - Shot Misses the Net.
19:47 of 2nd period - Icing by Brett Bellemore.
19:48 of 2nd period - Boyd Gordon wins face-off versus Paul Stastny in Jets zone.
Goals for this period are 0 for Canadiens vs 2 for Jets.
Shots for this period are 7 for Canadiens vs 22 for Jets.

3rd period


0:01 of 3rd period - Jonathan Toews wins face-off versus Joe Pavelski in neutral zone.
0:12 of 3rd period - Minor Penalty to Kimmo Timonen for Hooking.
0:13 of 3rd period - Paul Stastny wins face-off versus Tomas Plekanec in Jets zone.
0:29 of 3rd period - Jordan Eberle is hit by Radko Gudas.
0:31 of 3rd period - Shot by Alexander Steen.
0:31 of 3rd period - Shot Blocked by Radko Gudas.
0:33 of 3rd period - Shot by Alexander Steen.
0:33 of 3rd period - Shot Misses the Net.
0:35 of 3rd period - Shot by Jason Demers.
0:35 of 3rd period - Shot Misses the Net.
0:37 of 3rd period - Shot by Jordan Eberle.
0:37 of 3rd period - Shot Misses the Net.
0:39 of 3rd period - Shot by Dan Girardi.
0:39 of 3rd period - Shot Misses the Net.
0:41 of 3rd period - Shot by Jordan Eberle.
0:41 of 3rd period - Deflect By Paul Stastny.
0:41 of 3rd period - Shot Misses the Net.
0:43 of 3rd period - Shot by Jason Demers.
0:43 of 3rd period - Stopped by Cory Schneider without a rebound.
0:44 of 3rd period - Tomas Plekanec wins face-off versus Jonathan Toews in Jets zone.
1:08 of 3rd period - Icing by Jason Garrison.
1:09 of 3rd period - Tomas Plekanec wins face-off versus Saku Koivu in Canadiens zone.
1:18 of 3rd period - Brett Bellemore is hit by Saku Koivu and loses puck.
1:25 of 3rd period - Shot by Jason Garrison.
1:25 of 3rd period - Shot Blocked by Brett Bellemore.
2:19 of 3rd period - Shot by Brandon Pirri.
2:19 of 3rd period - Shot Blocked by Tobias Enstrom.
2:21 of 3rd period - Shot by Martin Erat.
2:21 of 3rd period - Shot Misses the Net.
2:23 of 3rd period - Shot by Mike Weber.
2:23 of 3rd period - Shot Blocked by Kimmo Timonen.
2:31 of 3rd period - Shot by Brandon Pirri.
2:31 of 3rd period - Shot Blocked by Kimmo Timonen.
2:47 of 3rd period - Martin Erat is hit by Joe Pavelski and loses puck.
3:19 of 3rd period - Icing by Christian Ehrhoff.
3:20 of 3rd period - Kyle Okposo wins face-off versus Jonathan Toews in Jets zone.
3:20 of 3rd period - Kyle Okposo is hit by Blake Comeau.
3:26 of 3rd period - Jason Garrison is hit by Jamie Benn.
3:30 of 3rd period - Shot by Kyle Okposo.
3:30 of 3rd period - Deflect By Nick Bonino.
3:30 of 3rd period - Stopped by Jonathan Bernier without a rebound.
3:31 of 3rd period - Josh Bailey wins face-off versus Saku Koivu in Canadiens zone.
3:57 of 3rd period - Cam Fowler is hit by Radko Gudas and loses puck.
3:59 of 3rd period - Minor Penalty to Radko Gudas for Hooking.
4:00 of 3rd period - Paul Stastny wins face-off versus Tomas Plekanec in Jets zone.
4:09 of 3rd period - Shot by Alexander Steen.
4:09 of 3rd period - Shot Misses the Net.
4:52 of 3rd period - Tobias Enstrom is hit by Paul Stastny and loses puck.
5:43 of 3rd period - Shot by Colin Wilson.
5:43 of 3rd period - Stopped by Jonathan Bernier without a rebound.
5:44 of 3rd period - Tomas Plekanec wins face-off versus Paul Stastny in Canadiens zone.
6:21 of 3rd period - Off-side.
6:22 of 3rd period - Jonathan Toews wins face-off versus Nick Bonino in neutral zone.
6:29 of 3rd period - Shot by Jonathan Toews.
6:29 of 3rd period - Shot Misses the Net.
6:31 of 3rd period - Shot by Blake Comeau.
6:31 of 3rd period - Deflect By Jonathan Toews.
6:31 of 3rd period - Shot Blocked by Kimmo Timonen.
6:33 of 3rd period - Shot by Jonathan Toews.
6:33 of 3rd period - Shot Misses the Net.
6:35 of 3rd period - Shot by Dylan Olsen.
6:35 of 3rd period - Goal by Dylan Olsen - Canadiens : 2 - Jets : 2.
6:36 of 3rd period - Paul Stastny wins face-off versus Joe Pavelski in neutral zone.
6:58 of 3rd period - Shot by Alexander Steen.
6:58 of 3rd period - Shot Misses the Net.
7:00 of 3rd period - Shot by Jordan Eberle.
7:00 of 3rd period - Stopped by Cory Schneider without a rebound.
7:01 of 3rd period - Nick Bonino wins face-off versus Jonathan Toews in Jets zone.
7:09 of 3rd period - Kyle Okposo is hit by Dylan Olsen.
8:03 of 3rd period - Icing by Mike Weber.
8:04 of 3rd period - Paul Stastny wins face-off versus Joe Pavelski in Canadiens zone.
8:04 of 3rd period - Paul Stastny is hit by Corey Perry.
8:26 of 3rd period - Shot by Paul Stastny.
8:26 of 3rd period - Shot Blocked by Christian Ehrhoff.
9:21 of 3rd period - Minor Penalty to Brett Bellemore for Tripping.
9:22 of 3rd period - Jonathan Toews wins face-off versus Tomas Plekanec in Jets zone.
9:47 of 3rd period - Shot by Cam Fowler.
9:47 of 3rd period - Goal by Cam Fowler - Canadiens : 3 - Jets : 2.
9:48 of 3rd period - Nick Bonino wins face-off versus Brandon Pirri in neutral zone.
9:55 of 3rd period - Shot by Kyle Okposo.
9:55 of 3rd period - Shot Misses the Net.
9:57 of 3rd period - Shot by Nicklas Grossmann.
9:57 of 3rd period - Goal by Nicklas Grossmann - Canadiens : 3 - Jets : 3.
9:58 of 3rd period - Nick Bonino wins face-off versus Jonathan Toews in neutral zone.
10:34 of 3rd period - Radim Vrbata is hit by Kimmo Timonen and loses puck.
10:37 of 3rd period - Shot by Dan Girardi.
10:37 of 3rd period - Stopped by Cory Schneider with a rebound.
10:39 of 3rd period - Shot by Dan Girardi.
10:39 of 3rd period - Stopped by Cory Schneider without a rebound.
10:40 of 3rd period - Tomas Plekanec wins face-off versus Paul Stastny in Jets zone.
10:45 of 3rd period - Paul Stastny is hit by Josh Bailey and loses puck.
10:53 of 3rd period - Paul Stastny is hit by Brett Bellemore and loses puck.
11:02 of 3rd period - Shot by Jordan Eberle.
11:02 of 3rd period - Deflect By Alexander Steen.
11:02 of 3rd period - Shot Misses the Net.
11:18 of 3rd period - Shot by Jordan Eberle.
11:18 of 3rd period - Stopped by Cory Schneider without a rebound.
11:19 of 3rd period - Joe Pavelski wins face-off versus Brandon Pirri in Jets zone.
11:24 of 3rd period - Icing by Radko Gudas.
11:25 of 3rd period - Joe Pavelski wins face-off versus Jonathan Toews in Jets zone.
11:29 of 3rd period - Off-side.
11:30 of 3rd period - Radim Vrbata wins face-off versus Joe Pavelski in neutral zone.
11:47 of 3rd period - Shot by Jonathan Toews.
11:47 of 3rd period - Stopped by Cory Schneider without a rebound.
11:48 of 3rd period - Paul Stastny wins face-off versus Kyle Okposo in Jets zone.
12:11 of 3rd period - Shot by Paul Stastny.
12:11 of 3rd period - Stopped by Cory Schneider without a rebound.
12:12 of 3rd period - Joe Pavelski wins face-off versus Jonathan Toews in Jets zone.
12:27 of 3rd period - Shot by Joe Pavelski.
12:27 of 3rd period - Shot Misses the Net.
12:47 of 3rd period - Shot by Jonathan Toews.
12:47 of 3rd period - Shot Misses the Net.
12:51 of 3rd period - Shot by Jonathan Toews.
12:51 of 3rd period - Shot Misses the Net.
13:31 of 3rd period - Shot by Paul Stastny.
13:31 of 3rd period - Shot Misses the Net.
13:33 of 3rd period - Shot by Paul Stastny.
13:33 of 3rd period - Stopped by Cory Schneider without a rebound.
13:34 of 3rd period - Nick Bonino wins face-off versus Brandon Pirri in Jets zone.
13:34 of 3rd period - Nick Bonino is hit by Brenden Morrow.
13:47 of 3rd period - Icing by Jason Demers.
13:48 of 3rd period - Tomas Plekanec wins face-off versus Brandon Pirri in Canadiens zone.
14:01 of 3rd period - Shot by Josh Bailey.
14:01 of 3rd period - Shot Misses the Net.
14:07 of 3rd period - Shot by Jason Demers.
14:07 of 3rd period - Stopped by Cory Schneider without a rebound.
14:08 of 3rd period - Nick Bonino wins face-off versus Jonathan Toews in Jets zone.
14:22 of 3rd period - Cam Fowler is hit by Kyle Okposo and loses puck.
14:40 of 3rd period - Shot by Jonathan Toews.
14:40 of 3rd period - Shot Misses the Net.
15:25 of 3rd period - Minor Penalty to Kimmo Timonen for Charging.
15:26 of 3rd period - Paul Stastny wins face-off versus Tomas Plekanec in Jets zone.
15:31 of 3rd period - Shot by Alexander Steen.
15:31 of 3rd period - Stopped by Cory Schneider without a rebound.
15:32 of 3rd period - Paul Stastny wins face-off versus Lauri Korpikoski in Jets zone.
15:53 of 3rd period - Shot by Jason Garrison.
15:53 of 3rd period - Shot Misses the Net.
16:01 of 3rd period - Shot by Jason Garrison.
16:01 of 3rd period - Stopped by Cory Schneider without a rebound.
16:02 of 3rd period - Jonathan Toews wins face-off versus Lauri Korpikoski in Jets zone.
16:03 of 3rd period - Shot by Jason Demers.
16:03 of 3rd period - Shot Blocked by Tobias Enstrom.
16:05 of 3rd period - Shot by Dan Girardi.
16:05 of 3rd period - Stopped by Cory Schneider without a rebound.
16:06 of 3rd period - Jonathan Toews wins face-off versus Tomas Plekanec in Jets zone.
16:07 of 3rd period - Shot by Jason Demers.
16:07 of 3rd period - Stopped by Cory Schneider with a rebound.
16:17 of 3rd period - Shot by Dan Girardi.
16:17 of 3rd period - Shot Blocked by Tomas Plekanec.
17:44 of 3rd period - Shot by Brandon Pirri.
17:44 of 3rd period - Shot Misses the Net.
17:46 of 3rd period - Shot by Jason Garrison.
17:46 of 3rd period - Shot Misses the Net.
17:48 of 3rd period - Shot by Dylan Olsen.
17:48 of 3rd period - Stopped by Cory Schneider without a rebound.
17:49 of 3rd period - Nick Bonino wins face-off versus Paul Stastny in Jets zone.
17:59 of 3rd period - Shot by Jamie Benn.
17:59 of 3rd period - Shot Blocked by Alexander Steen.
18:03 of 3rd period - Shot by Kyle Okposo.
18:03 of 3rd period - Stopped by Jonathan Bernier without a rebound.
18:04 of 3rd period - Joe Pavelski wins face-off versus Brandon Pirri in Canadiens zone.
18:22 of 3rd period - Shot by Joe Pavelski.
18:22 of 3rd period - Deflect By Anders Lee.
18:22 of 3rd period - Shot Hit the Post.
18:24 of 3rd period - Shot by Joe Pavelski.
18:24 of 3rd period - Stopped by Jonathan Bernier without a rebound.
18:25 of 3rd period - Saku Koivu wins face-off versus Nick Bonino in Canadiens zone.
18:36 of 3rd period - Shot by Saku Koivu.
18:36 of 3rd period - Stopped by Cory Schneider without a rebound.
18:37 of 3rd period - Jonathan Toews wins face-off versus Joe Pavelski in Jets zone.
18:38 of 3rd period - Shot by Cam Fowler.
18:38 of 3rd period - Shot Misses the Net.
18:40 of 3rd period - Shot by Dan Girardi.
18:40 of 3rd period - Stopped by Cory Schneider with a rebound.
18:42 of 3rd period - Shot by Dan Girardi.
18:42 of 3rd period - Shot Misses the Net.
18:44 of 3rd period - Shot by Dan Girardi.
18:44 of 3rd period - Stopped by Cory Schneider without a rebound.
18:45 of 3rd period - Saku Koivu wins face-off versus Joe Pavelski in Jets zone.
18:56 of 3rd period - Dan Girardi is hit by Joe Pavelski and loses puck.
18:58 of 3rd period - Minor Penalty to Dan Girardi for Hooking.
18:59 of 3rd period - Saku Koivu wins face-off versus Nick Bonino in Canadiens zone.
Goals for this period are 2 for Canadiens vs 1 for Jets.
Shots for this period are 19 for Canadiens vs 5 for Jets.

Overtime #1


0:01 of 1st overtime period - Alexander Steen wins face-off versus Joe Pavelski in neutral zone.
1:16 of 1st overtime period - Shot by Radim Vrbata.
1:16 of 1st overtime period - Deflect By Jonathan Toews.
1:16 of 1st overtime period - Goal by Jonathan Toews - Canadiens : 4 - Jets : 3.
Goals for this period are 1 for Canadiens vs 0 for Jets.
Shots for this period are 1 for Canadiens vs 0 for Jets.


Output by the SimonT Hockey Simulator (STHS) for Stephane Roy -- Original Page W3C XHTML 1.0 Valid
Hockey Simulator - Hockey Simulation - Hockey Manager